Map: Abyssal Reef LE

Players

Harstem - Winner!

  • Race: Protoss Protoss
  • Spawn Location: 5:00

NightEnD

  • Race: Protoss Protoss
  • Spawn Location: 11:00

Event: WCS Valencia 2017

VOD

Have the link to the VOD?

Description

Time

  • Played on: July 13, 2017, 7:28 a.m.
  • Length: 19:53

All games in this series

Show
View Real Time Build Order
Export as new Build Order

Harstem Protoss - Winner!

Build Orders: Oracle Opening 

Get SALT Encoding   

  12  0:01  Probe (Chrono Boost)  
  13  0:11  Probe (Chrono Boost)  
  14  0:18  Pylon  
  14  0:22  Probe (Chrono Boost)  
  15  0:36  Probe (Chrono Boost)  
  15  0:37  Gateway  
  16  0:47  Probe (Chrono Boost), Assimilator  
  17  0:57  Probe (Chrono Boost)  
  17  0:58  Assimilator  
  18  1:08  Probe (Chrono Boost)  
  19  1:15  Gateway  
  20  1:18  Probe (Chrono Boost)  
  20  1:24  Cybernetics Core  
  20  1:29  Probe (Chrono Boost)  
  21  1:33  Pylon  
  21  1:39  Probe (Chrono Boost)  
  22  1:50  Probe (Chrono Boost)  
  24  2:02  Stalker x2  
  24  2:05  Warp Gate (Chrono Boost)  
  29  2:19  Pylon  
  29  2:24  Stargate  
  27  2:32  Stalker  
  27  2:35  Stalker  
  31  3:02  Nexus  
  31  3:13  Oracle (Chrono Boost)  
  31  3:16  Probe  
  35  3:27  Pylon  
  35  3:28  Probe (Chrono Boost)  
  36  3:40  Mothership Core (Chrono Boost)  
  38  3:48  Robotics Facility  
  38  3:59  Probe (Chrono Boost)  
  39  4:03  Stalker, Adept  
  39  4:09  Probe (Chrono Boost)  
  44  4:15  Probe (Chrono Boost)  
  45  4:21  Probe (Chrono Boost)  
  46  4:25  Pylon  
  46  4:37  Probe (Chrono Boost)  
  47  4:40  Probe (Chrono Boost)  
  47  4:45  Adept  
  49  4:53  Probe (Chrono Boost)  
  49  4:54  Probe (Chrono Boost)  
  49  4:55  Observer (Chrono Boost)  
  51  5:01  Sentry  
  51  5:03  Pylon  
  51  5:04  Probe  
  51  5:05  Probe  
  55  5:09  Forge  
  55  5:10  Pylon  
  55  5:15  Probe  
  55  5:17  Probe  
  57  5:26  Probe (Chrono Boost)  
  57  5:29  Stalker x2  
  57  5:34  Probe (Chrono Boost)  
  60  5:37  Probe (Chrono Boost)  
  60  5:42  Protoss Ground Weapons Level 1 (Chrono Boost)  
  61  5:44  Probe  
  62  5:58  Probe x2  
  62  6:01  Immortal (Chrono Boost)  
  64  6:09  Probe, Sentry  
  64  6:10  Probe, Nexus  
  68  6:15  Pylon  
  68  6:20  Probe  
  68  6:22  Probe  
  68  6:25  Twilight Council  
  70  6:31  Probe (Chrono Boost)  
  71  6:34  Probe (Chrono Boost)  
  71  6:41  Probe (Chrono Boost), Immortal  
  71  6:42  Assimilator  
  71  6:44  Assimilator  
  71  6:45  Probe (Chrono Boost)  
  77  6:52  Gateway  
  77  6:54  Probe, Gateway  
  77  6:58  Pylon  
  77  6:59  Probe  
  77  7:00  Charge (Chrono Boost)  
  79  7:05  Probe (Chrono Boost)  
  80  7:11  Probe (Chrono Boost)  
  81  7:16  Probe (Chrono Boost)  
  81  7:21  Immortal  
  81  7:22  Probe x2 (Chrono Boost)  
  87  7:26  Probe (Chrono Boost)  
  87  7:27  Protoss Ground Weapons Level 2 (Chrono Boost)  
  89  7:34  Probe x2 (Chrono Boost)  
  91  7:38  Probe (Chrono Boost)  
  91  7:43  Probe (Chrono Boost)  
  92  7:47  Probe x2 (Chrono Boost)  
  92  7:49  Phoenix (Chrono Boost)  
  94  7:55  Gateway  
  94  7:57  Probe, Gateway  
  95  7:58  Templar Archives  
  95  8:00  Gateway  
  95  8:04  Probe x2, Immortal (Chrono Boost)  
  97  8:10  Probe  
  97  8:11  Pylon  
  102  8:14  Assimilator  
  102  8:16  Probe  
  102  8:18  Assimilator  
  102  8:19  Probe  
  104  8:24  Phoenix  
  106  8:28  Photon Cannon  
  106  8:31  Probe  
  106  8:33  Pylon  
  107  8:35  Photon Cannon, Probe  
  108  8:42  Gateway  
  108  8:44  Pylon  
  108  8:45  Pylon  
  108  8:47  Zealot x2, High Templar x2  
  116  8:52  Phoenix (Chrono Boost)  
  116  8:54  Archon  
  116  8:55  Warp Prism  
  120  9:10  Nexus  
  120  9:12  Pylon  
  120  9:13  Probe  
  120  9:14  High Templar  
  120  9:15  Zealot, High Templar  
  127  9:19  Phoenix (Chrono Boost)  
  127  9:21  Archon  
  129  9:24  Zealot x3  
  129  9:27  Pylon, Protoss Ground Weapons Level 3 (Chrono Boost)  
  129  9:29  Immortal  
  135  9:37  Probe  
  140  9:39  Probe  
  140  9:45  Phoenix (Chrono Boost)  
  143  9:51  Zealot x3  
  149  9:54  Probe  
  150  10:01  Fleet Beacon  
  150  10:07  Phoenix (Chrono Boost)  
  150  10:12  Pylon  
  150  10:13  Pylon, High Templar  
  150  10:14  High Templar  
  156  10:18  Photon Cannon  
  156  10:19  Archon  
  156  10:21  Immortal, Assimilator  
  160  10:30  Zealot x3  
  160  10:34  Zealot x2  
  168  10:38  Probe  
  169  10:44  Phoenix (Chrono Boost)  
  169  10:45  Zealot  
  165  11:05  Zealot x6  
  165  11:06  Zealot, Phoenix (Chrono Boost)  
  165  11:10  Robotics Bay  
  177  11:18  Probe  
  178  11:21  Assimilator  
  178  11:22  Pylon  
  178  11:23  Pylon  
  178  11:25  Pylon  
  178  11:27  Robotics Facility  
  182  11:36  Oracle (Chrono Boost)  
  182  11:39  Blink  
  186  11:40  Probe  
  186  11:42  Photon Cannon  
  186  11:44  Stalker x3  
  192  11:48  Observer  
  189  12:08  Carrier (Chrono Boost), Stargate  
  195  12:09  Photon Cannon, Stargate  
  195  12:14  Disruptor  
  195  12:19  Nexus  
  195  12:20  Pylon  
  196  12:31  Protoss Shields Level 1, Graviton Catapult  
  196  12:35  Protoss Air Weapons Level 1  
  196  12:45  Disruptor  
  199  12:52  Pylon  
  199  12:55  Pylon  
  199  13:03  Pylon  
  197  13:06  Dark Shrine  
  197  13:08  Photon Cannon x2, Pylon  
  197  13:09  Photon Cannon  
  193  13:18  Carrier (Chrono Boost)  
  199  13:20  Disruptor  
  194  13:28  Carrier (Chrono Boost)  
  194  13:33  Photon Cannon  
  192  13:34  Pylon  
  192  13:37  Carrier (Chrono Boost)  
  192  13:40  Pylon  
  194  13:45  Assimilator  
  194  13:47  Assimilator  
  194  13:51  Photon Cannon  
  194  13:54  Pylon  
  190  13:59  Disruptor  
  185  14:17  Stalker x7  
  197  14:36  Disruptor  
  200  14:42  Photon Cannon  
  200  14:44  Photon Cannon  
  200  14:46  Photon Cannon  
  200  15:21  Protoss Shields Level 2  
  197  15:39  Protoss Air Weapons Level 2  
  192  15:51  Tempest (Chrono Boost)  
  192  15:55  Tempest (Chrono Boost)  
  195  16:07  Warp Prism (Chrono Boost)  
  195  16:09  Gravitic Drive  
  194  16:26  Tempest  
  200  16:40  Tempest  
  200  16:45  Tempest  
  190  16:47  Zealot x2  
  188  16:56  Stalker x6  
  188  17:00  Mothership Core (Chrono Boost)  
  200  17:04  Photon Cannon  
  200  17:07  Photon Cannon  
  185  18:23  Stalker x4  
  185  18:24  Stalker x3  
  195  18:45  Stalker  
  195  19:09  Dark Templar x2  
  195  19:10  Dark Templar x2  
  181  19:32  Probe (Chrono Boost)  
  181  19:35  Gateway  
  181  19:37  Gateway  
  168  19:38  Gateway  
  168  19:41  Stalker x4  
  168  19:42  Stalker x4  
Show
View Real Time Build Order
Export as new Build Order

NightEnD Protoss 

Build Orders:  

Get SALT Encoding   

  12  0:00  Probe (Chrono Boost)  
  13  0:11  Probe (Chrono Boost)  
  14  0:17  Pylon  
  14  0:22  Probe (Chrono Boost)  
  16  0:35  Probe (Chrono Boost)  
  16  0:37  Gateway  
  16  0:45  Assimilator  
  16  0:46  Probe (Chrono Boost)  
  17  0:51  Assimilator  
  17  0:56  Probe (Chrono Boost)  
  18  1:07  Probe (Chrono Boost)  
  18  1:09  Gateway  
  19  1:17  Probe (Chrono Boost)  
  20  1:24  Cybernetics Core  
  20  1:28  Probe (Chrono Boost)  
  21  1:34  Pylon  
  21  1:38  Probe (Chrono Boost)  
  22  1:49  Probe (Chrono Boost)  
  25  2:01  Adept x2  
  25  2:02  Warp Gate (Chrono Boost)  
  25  2:07  Mothership Core  
  29  2:14  Pylon  
  29  2:32  Stalker x2  
  33  2:57  Nexus  
  37  3:05  Sentry x2  
  37  3:18  Robotics Facility  
  37  3:26  Pylon  
  37  3:29  Probe (Chrono Boost)  
  38  3:38  Twilight Council  
  38  3:46  Probe (Chrono Boost)  
  39  3:57  Probe (Chrono Boost)  
  40  4:07  Probe (Chrono Boost), Immortal (Chrono Boost)  
  45  4:11  Probe (Chrono Boost)  
  46  4:21  Pylon  
  47  4:26  Stalker  
  48  4:33  Stalker  
  47  4:38  Probe (Chrono Boost)  
  47  4:40  Probe (Chrono Boost)  
  49  4:52  Probe (Chrono Boost)  
  48  4:55  Probe (Chrono Boost)  
  48  4:56  Adept x2  
  51  5:03  Probe (Chrono Boost)  
  51  5:05  Forge  
  51  5:06  Probe (Chrono Boost)  
  53  5:13  Probe (Chrono Boost)  
  54  5:18  Probe (Chrono Boost)  
  54  5:23  Stalker  
  54  5:24  Stalker  
  58  5:34  Probe x2 (Chrono Boost), Blink  
  56  5:37  Pylon  
  56  5:41  Protoss Ground Weapons Level 1 (Chrono Boost)  
  54  5:57  Probe (Chrono Boost)  
  54  5:59  Adept x2  
  54  6:00  Probe (Chrono Boost)  
  57  6:09  Probe (Chrono Boost)  
  59  6:11  Probe (Chrono Boost)  
  59  6:19  Probe (Chrono Boost)  
  59  6:22  Probe (Chrono Boost)  
  61  6:28  Gateway x2  
  61  6:30  Probe (Chrono Boost)  
  61  6:32  Probe (Chrono Boost)  
  58  6:40  Probe (Chrono Boost)  
  58  6:43  Probe (Chrono Boost)  
  60  6:50  Nexus  
  60  6:51  Probe (Chrono Boost)  
  60  6:53  Probe (Chrono Boost)  
  62  6:54  Robotics Bay  
  62  7:01  Probe (Chrono Boost)  
  62  7:04  Probe (Chrono Boost)  
  62  7:06  Robotics Facility  
  64  7:10  Assimilator  
  64  7:12  Probe (Chrono Boost)  
  64  7:14  Probe (Chrono Boost), Assimilator  
  66  7:20  Protoss Ground Weapons Level 2 (Chrono Boost)  
  66  7:22  Probe (Chrono Boost)  
  67  7:24  Pylon  
  67  7:25  Probe (Chrono Boost)  
  67  7:27  Observer  
  68  7:33  Probe  
  68  7:36  Probe  
  71  7:44  Photon Cannon  
  71  7:46  Disruptor (Chrono Boost)  
  71  7:47  Probe  
  71  7:48  Photon Cannon  
  75  7:52  Probe  
  75  7:58  Stalker x2  
  80  8:00  Probe  
  80  8:03  Probe  
  80  8:04  Probe  
  83  8:07  Disruptor (Chrono Boost)  
  83  8:12  Probe  
  87  8:15  Probe  
  87  8:16  Probe  
  89  8:21  Pylon, Disruptor (Chrono Boost)  
  89  8:24  Probe  
  94  8:27  Probe  
  94  8:30  Probe  
  95  8:34  Pylon  
  95  8:38  Pylon  
  95  8:40  Probe x2  
  97  8:42  Assimilator  
  97  8:43  Probe  
  97  8:45  Disruptor (Chrono Boost)  
  97  8:46  Assimilator  
  101  8:52  Probe x2, Disruptor (Chrono Boost)  
  106  9:01  Pylon  
  106  9:03  Pylon  
  106  9:13  Stalker  
  106  9:16  Disruptor (Chrono Boost)  
  106  9:17  Photon Cannon  
  111  9:19  Photon Cannon  
  111  9:23  Stalker x2, Disruptor (Chrono Boost)  
  111  9:24  Photon Cannon  
  118  9:26  Stalker  
  118  9:29  Photon Cannon  
  120  9:39  Stalker  
  122  9:46  Stalker x2  
  122  9:47  Pylon  
  122  9:48  Disruptor (Chrono Boost)  
  122  9:51  Stalker  
  131  9:55  Disruptor (Chrono Boost)  
  134  10:00  Pylon  
  134  10:01  Protoss Ground Weapons Level 3  
  134  10:05  Stalker  
  136  10:14  Pylon, Nexus  
  136  10:16  Pylon  
  136  10:20  Probe x2  
  136  10:21  Probe  
  139  10:26  Disruptor x2 (Chrono Boost)  
  145  10:32  Probe  
  145  10:33  Probe x2  
  148  10:44  Stalker x3  
  148  10:45  Stalker  
  156  10:57  Photon Cannon  
  157  11:06  Probe x2  
  157  11:10  Assimilator  
  159  11:13  Assimilator  
  159  11:14  Probe  
  159  11:16  Pylon, Stargate  
  159  11:17  Stalker x2  
  159  11:18  Stalker x2  
  168  11:22  Observer x2 (Chrono Boost)  
  167  11:37  Photon Cannon  
  167  11:44  Photon Cannon  
  167  11:46  Stalker  
  169  11:47  Stalker x3  
  169  11:50  Photon Cannon  
  169  11:51  Photon Cannon  
  169  11:52  Stargate x2  
  175  12:00  Observer x2 (Chrono Boost)  
  177  12:10  Fleet Beacon  
  177  12:24  Protoss Shields Level 1  
  177  12:25  Gateway  
  177  12:26  Gateway  
  177  12:28  Pylon  
  177  12:36  Oracle (Chrono Boost)  
  180  12:41  Protoss Air Weapons Level 1  
  180  12:43  Cybernetics Core  
  186  13:03  Tempest x2 (Chrono Boost)  
  198  13:13  Photon Cannon  
  198  13:16  Photon Cannon  
  198  13:18  Zealot  
  200  13:23  Photon Cannon  
  195  13:49  Tempest (Chrono Boost)  
  195  14:01  Tempest x2 (Chrono Boost)  
  199  14:09  Photon Cannon x2  
  199  14:12  Observer  
  199  14:13  Photon Cannon  
  200  14:22  Photon Cannon  
  189  14:32  Stalker x5  
  189  14:33  Stalker  
  186  15:04  Tempest (Chrono Boost), Stalker x3  
  186  15:05  Stalker  
  188  15:40  Stalker x3  
  188  15:41  Stalker x2  
  198  15:55  Observer x2  
  200  16:00  Nexus  
  200  16:01  Pylon  
  200  16:03  Pylon  
  200  16:05  Pylon  
  200  16:09  Assimilator  
  200  16:11  Assimilator  
  200  16:18  Oracle (Chrono Boost)  
  200  16:32  Photon Cannon  
  200  16:34  Photon Cannon  
  200  16:36  Photon Cannon  
  200  16:38  Photon Cannon  
  200  16:40  Photon Cannon  
  200  16:42  Photon Cannon  
  200  16:45  Photon Cannon  
  173  17:00  Tempest (Chrono Boost)  
  188  17:01  Tempest x2 (Chrono Boost)  
  188  17:04  Stalker x4  
  188  17:05  Stalker  
  198  17:27  Photon Cannon  
  198  17:29  Photon Cannon  
  198  17:32  Photon Cannon x2  
  198  17:33  Photon Cannon  
  195  17:40  Photon Cannon  
  195  17:41  Photon Cannon  
  195  17:45  Observer  
  195  17:46  Observer  
  185  18:11  Tempest x2 (Chrono Boost)  
  188  18:19  Stalker  
  187  18:20  Stalker  
  187  18:22  Stalker x4  
  187  18:23  Mothership Core  
  187  18:27  Tempest (Chrono Boost)  
  174  18:44  Stalker x2  
  174  18:46  Stalker  
  174  18:48  Stalker x3  
  172  19:00  Tempest (Chrono Boost)  
  182  19:04  Tempest (Chrono Boost)  
  179  19:13  Stalker x6  
  125  19:37  Stalker x3  
  125  19:38  Stalker x3  
Tags
 
Add a new tag
Caveats
  • Supply blocks, unpowered buildings, or Contaminate may cause inaccurate times.
  • Supply counts are checked every 10 seconds.